 Dungeon Crawl Stone Soup version 0.25.1-2-g60ff931df9 (webtiles) character file.

Game seed: 8547394058496606147

242 DerDa the Digger (level 6, -1/32 HPs)
             Began as a Gargoyle Earth Elementalist on Sept 26, 2020.
             Was an Initiate of Vehumet.
             Killed by divine providence
             ... invoked by an orc priest
              (15 damage)
             ... on level 4 of the Dungeon.
             The game lasted 00:10:29 (3515 turns).

DerDa the Digger (Gargoyle Earth Elementalist)      Turns: 3515, Time: 00:10:29

Health: -1/32      AC:  6    Str: 11    XL:     6   Next: 9%
Magic:  8/11       EV: 12    Int: 18    God:    Vehumet [......]
Gold:   163        SH:  0    Dex: 10    Spells: 4/12 levels left

rFire    . . .     SeeInvis .   h - +0 short sword
rCold    . . .     Gourm    .   (no shield)
rNeg     + . .     Faith    .   c - +0 robe
rPois    ∞         Spirit   .   (no helmet)
rElec    +         Reflect  .   (no cloak)
rCorr    .         Harm     .   (no gloves)
MR       .....                  (no boots)
Stlth    ++........             (no amulet)
HPRegen  0.10/turn              (no ring)
MPRegen  0.12/turn              (no ring)

@: no status effects
A: negative energy resistance 1, electricity resistance, unbreathing,
petrification resistance, rot immunity, AC +4
a: Renounce Religion


You were on level 4 of the Dungeon.
You worshipped Vehumet.
Vehumet was noncommittal.
You were very hungry.

You visited 2 branches of the dungeon, and saw 5 of its levels.

You collected 163 gold pieces.

Inventory:

Hand Weapons
 a - a +0 dagger
 h - a +0 short sword (weapon)
 t - a +0 hunting sling
Missiles
 b - 28 stones (quivered)
 i - 52 sling bullets
 w - 39 bolts
 y - 13 poisoned darts
Armour
 c - a +0 robe (worn)
 j - a scarf of invisibility
 o - a +0 cloak
Wands
 q - a wand of flame (24)
Scrolls
 f - a scroll of teleportation
 l - 2 scrolls of enchant armour {unknown}
 m - 3 scrolls of remove curse {unknown}
 n - 3 scrolls of identify {unknown}
 r - a scroll of magic mapping {unknown}
 u - a scroll of noise {unknown}
 v - a scroll of fog {unknown}
 z - a scroll of blinking {unknown}
Potions
 e - 2 potions of lignification {unknown}
 g - a potion of degeneration {unknown}
 k - a potion of flight {unknown}
 p - a potion of curing {unknown}
 s - a potion of resistance {unknown}
 x - a potion of heal wounds {unknown}
 A - a potion of haste {unknown}
Comestibles
 d - 6 rations


   Skills:
 * Level 2.3 Dodging
 - Level 2.2 Stealth
 * Level 3.5 Spellcasting
 * Level 2.0 Conjurations
 + Level 1.0 Translocations
 - Level 0.7 Transmutations
 * Level 5.5 Earth Magic


You had 4 spell levels left.
You knew the following spells:

 Your Spells              Type           Power        Failure   Level  Hunger
a - Sandblast             Erth           ###...       1%          1    None
q - Blink                 Tloc           N/A          16%         2    ##.....
u - Stone Arrow           Conj/Erth      ###...       10%         3    ###....
w - Passwall              Tmut/Erth      ##......     6%          2    ##.....

Your spell library contained the following spells:

 Spells                   Type           Power        Failure   Level  Hunger
 Magic Dart               Conj           ##..         7%          1    None
 Call Imp                 Summ           #.......     24%         2    ##.....
 Slow                     Hex            #.......     24%         2    ##.....
 Conjure Flame            Conj/Fire      #.......     30%         3    ###....
 Mephitic Cloud           Conj/Pois/Air  #.......     34%         3    ###....
 Petrify                  Tmut/Erth      ##......     38%         4    ####...
 Lee's Rapid Deconstruct  Erth           ###.......   41%         5    ######.


Dungeon Overview and Level Annotations

Branches:
Dungeon (4/15)             Temple (1/1) D:4

Altars:
Ashenzari
Elyvilon
Fedhas
Gozag
Kikubaaqudgha
Makhleb
Nemelex Xobeh
Okawaru
Qazlal
Ru
Sif Muna
Trog
Vehumet
Wu Jian
Xom
Yredelemnul
Zin
The Shining One

Shops:
D:4 *

Annotations:
D:3 kalagan's ghost, amateur GrFi


Innate Abilities, Weirdness & Mutations

You are resistant to torment.
Your stone body is resilient. (AC +4)
You are immune to poison.
You resist negative energy. (rN+)
You are resistant to electric shocks. (rElec)
You can survive without breathing.
You are immune to petrification.
You are immune to rotting.


Message History

Confirm with . or Enter, or press ? or * to list all spells.
Aiming: Sandblast (safe; 1% risk of failure)
Press: ? - help, Shift-Dir - straight line, f/p - orc wizard
Aim: an orc wizard, wielding a +0 dagger and wearing a +0 robe (fast)
The blast of sand hits the orc wizard!
You kill the orc wizard!
Vehumet accepts your kill.
Your Conjurations skill increases to level 2!
Your Translocations skill increases to level 1!
You have reached level 6!
Your experience leads to an increase in your attributes!
Increase (S)trength, (I)ntelligence, or (D)exterity?
You feel clever.
b - 28 stones An adder comes into view.
Found 18 bolts.
You see here 18 bolts.
The orc priest mumbles some strange prayers to Beogh against you.
Beogh smites you!
You die...

...........###.#.##...#########.#
..........# #.#.##...#########.#
.....####. #.#.##.............#
##...# .#.##...######..... #
..... ..##...######.#### # ......
.................. # ...###
.##.###.##...######.#### . ..
.............##.....# ##
#@##....#.##### #.##....#.# ###
#.##....#.# ....###.##....#.#
.......o# #...#.# .......(#
#...#.# .......o###...#.#######
........o..o)o.........
........#######.#######


You could see 2 orc priests and an orc.

Vanquished Creatures
  A hound (D:4)
  An orc wizard (D:4)
  3 gnolls (D:3)
  7 adders
  2 adder skeletons (D:4)
  A worm (D:3)
  A dart slug (D:3)
  4 leopard geckos
  6 orcs
  A giant cockroach (D:3)
  6 goblins
  14 hobgoblins
  3 jackals (D:3)
  5 kobolds
  3 quokkas (D:3)
  2 ball pythons (D:3)
  9 bats
  2 frilled lizards
  5 rats
76 creatures vanquished.

Notes
Turn   | Place    | Note
-------+----------+-------------------------------------------
     0 | D:1      | DerDa the Gargoyle Earth Elementalist began the quest for
                  | the Orb.
     0 | D:1      | Reached XP level 1. HP: 10/10 MP: 3/3
   107 | D:1      | Reached skill level 4 in Earth Magic
   107 | D:1      | Reached XP level 2. HP: 7/15 MP: 1/5
   728 | D:1      | Reached XP level 3. HP: 19/19 MP: 3/6
  1041 | D:2      | Found a sacrificial altar of Ru.
  1735 | D:3      | Found a runed translucent door.
  1743 | D:3      | Noticed kalagan's ghost (amateur GrFi)
  1832 | D:3      | Reached XP level 4. HP: 10/24 MP: 1/8
  2022 | D:3      | Learned a level 3 spell: Stone Arrow
  2025 | D:3      | Learned a level 2 spell: Blink
  2028 | D:3      | Learned a level 2 spell: Passwall
  2105 | D:3      | Reached skill level 5 in Earth Magic
  2160 | D:3      | Reached skill level 1 in Conjurations
  2160 | D:3      | Reached XP level 5. HP: 13/28 MP: 0/9
  2328 | D:3      | Found a sparkling altar of Nemelex Xobeh.
  2535 | D:3      | Found a runed translucent door.
  2988 | D:4      | Found a staircase to the Ecumenical Temple.
  3035 | Temple   | Entered the Ecumenical Temple
  3188 | Temple   | Became a worshipper of Vehumet
  3481 | D:4      | Found Eroneife's General Store.
  3505 | D:4      | Reached skill level 1 in Translocations
  3505 | D:4      | Reached XP level 6. HP: 13/32 MP: 7/11
  3515 | D:4      | Killed from afar by an orc priest

Illustrated notes

Levels and vault maps discovered:
D:1:      enne_arrival_octagon_isle, layout_basic, minmay_quantized
D:2:      layout_basic, lemuel_doored_altar, lemuel_flame_loot_1
D:3:      layout_basic, ebering_ghost_sewer_f, first_ration,
          nemelex_xobeh_ov_fountains_minmay
D:4:      layout_basic, minmay_temple_entry_sparse_star, serial_shops, shop,
          minmay_misc_feat_room
Temple:   minmay_crystal_spiral_temple

Skill      XL: |  1  2  3  4  5 |
---------------+----------------+-----
Earth Magic    | 4 5 |  5.5
Spellcasting   | 3 |  3.5
Dodging        | 2 |  2.3
Conjurations   | 1 2 |  2.0
Translocations | 1 |  1.0
Stealth        | |  2.2
Transmutations | |  0.7

Action                   |  1- 3 |  4- 6 || total
-------------------------+-------+-------++-------
Melee: Dagger            |    53 |       ||    53
       Short sword       |    28 |    42 ||    70
 Cast: Sandblast         |    30 |    53 ||    83
  Use: Scroll            |       |     1 ||     1
 Stab: Sleeping          |     2 |       ||     2
  Eat: Chunk             |     3 |     4 ||     7
Armor: Robe              |    42 |    25 ||    67
Dodge: Dodged            |    91 |    47 ||   138
